 Dungeon Crawl Stone Soup version 0.31-a0-193-gdfe2569204 (webtiles) character file.

Game seed: 14436959301988029697

58 qw the Shooter (level 3, -4/20 HPs)
             Began as a Deep Elf Hunter on June 24, 2023.
             Killed from afar by Sigmund (9 damage)
             ... with a magic dart
             ... on level 2 of the Dungeon.
             The game lasted 00:00:24 (731 turns).

qw the Shooter (Deep Elf Hunter)                     Turns: 731, Time: 00:00:24

Health: -4/20      AC:  6    Str: 10    XL:     3   Next: 76%
Magic:  5/5        EV: 11    Int: 13    God:
Gold:   51         SH:  0    Dex: 18    Spells: 2/2 levels left

rFire   . . .        Y - +1 shortbow
rCold   . . .        (shield currently unavailable)
rNeg    . . .        d - +0 ring mail
rPois   .            (no helmet)
rElec   .            (no cloak)
rCorr   .            j - +0 pair of gloves
SInv    .            (no boots)
Will    .....        (no amulet) Stlth
                     (no ring)
HPRegen 0.23/turn    (no ring)
MPRegen 0.09/turn

%: no passive effects
@: confused
A: no striking features
a: no special abilities


You were on level 2 of the Dungeon.
You visited 1 branch of the dungeon, and saw 2 of its levels.

You collected 51 gold pieces.


   Skills:
 - Level 1.5 Fighting
 + Level 7.2 Ranged Weapons
 - Level 2.4 Dodging
 - Level 1.2 Stealth


You had 2 spell levels left.
You didn't know any spells.
Your spell library was empty.

Inventory:

Hand Weapons
 Y - a +1 shortbow (weapon)
Armour
 d - a +0 ring mail (worn)
 j - a +0 pair of gloves (worn)
Potions
 a - a potion of curing {unknown}
 f - a potion of haste {unknown}
 h - a potion of heal wounds

Dungeon Overview and Level Annotations

Branches:
Dungeon (2/15)

Altars:

Shops:
D:1 =

Annotations:
D:2 Sigmund


Message History

The arrow hits the hobgoblin.
You kill the hobgoblin!
You shoot an arrow. The arrow hits the quokka!
You kill the quokka!
You shoot an arrow. The arrow hits the frilled lizard.
You kill the frilled lizard!
Found 2 javelins.
Enter note: An adder comes into view.
Enter note: You shoot an arrow.
The arrow hits the adder.
The adder is moderately wounded.
You shoot an arrow. The arrow closely misses the adder.
You shoot an arrow. The arrow hits the adder!
You kill the adder!
Sigmund the Dreaded comes into view.
He is wielding a +6 vampiric scythe.
Enter note: You shoot an arrow.
The arrow hits Sigmund!
Sigmund shouts!
Sigmund is moderately wounded.
You shoot an arrow. The arrow closely misses Sigmund.
Sigmund mumbles some strange words.
Sigmund flickers and vanishes!
Deactivating autopickup; reactivate with Ctrl-A.
You shoot an arrow.
A magic dart appears from out of thin air!
The magic dart hits you!
You shoot an arrow. You shoot an arrow.
You hear some strange, mumbled words.
You are confused.
You hear some strange, mumbled words.
You are more confused.
You shoot an arrow. You shoot an arrow. Something hits you!
You shoot an arrow.
A magic dart appears from out of thin air!
The magic dart hits you!
You die...

##.# #.
###########..####### #.
#....... ..........###.
#......####..##........
#$........#..##........
.....##..............
..{####........###.
##.####.....##.# #.
#.@............# #.
#.####.#...##### #.
###.####.##.## #.
............#
.#######.#### #..# ####


There were no monsters in sight!

Vanquished Creatures
  3 adders (D:2)
  A dart slug (D:2)
  An endoplasm (D:1)
  2 giant cockroaches
  A goblin (D:2)
  3 hobgoblins
  2 quokkas
  4 ball pythons
  4 bats
  3 frilled lizards
  3 kobolds
  6 rats
33 creatures vanquished.

Notes
Turn   | Place    | Note
-------+----------+-------------------------------------------
     0 | D:1      | qw the Deep Elf Hunter began the quest for the Orb.
     0 | D:1      | Reached XP level 1. HP: 12/12 MP: 3/3
     0 | D:1      | 0 ||| qw: Version: 0.3-a-9-g12657ce
     0 | D:1      | 0 ||| qw: Game counter: 4666
     0 | D:1      | 0 ||| qw: Always use a shield: true
     0 | D:1      | 0 ||| qw: God list: Okawaru
     0 | D:1      | 0 ||| qw: Allow faded altars: false
     0 | D:1      | 0 ||| qw: Do Orc after D:15 true
     0 | D:1      | 0 ||| qw: Do second Lair branch before Depths: true
     0 | D:1      | 0 ||| qw: Lair rune preference: random
     0 | D:1      | 0 ||| qw: Plans: Normal
     0 | D:1      | 0 ||| PLANNING D:1-11
   111 | D:1      | Reached XP level 2. HP: 16/16 MP: 4/4
   126 | D:1      | Reached skill level 6 in Ranged Weapons
   434 | D:1      | Found Umicwi Zua's Jewellery Boutique.
   437 | D:1      | 437 ||| SHOPLISTING +6 ring of dexterity (432 gold, have
                  | 51).
   437 | D:1      | 437 ||| SHOPLISTING amulet of faith (480 gold, have 51).
   437 | D:1      | 437 ||| SHOPLISTING amulet of reflection (360 gold, have
                  | 51).
   437 | D:1      | 437 ||| SHOPLISTING ring of ice (300 gold, have 51).
   437 | D:1      | 437 ||| SHOPLISTING ring of protection from fire (300 gold,
                  | have 51).
   437 | D:1      | 437 ||| SHOPLISTING ring of see invisible (180 gold, have
                  | 51).
   437 | D:1      | 437 ||| SHOPLISTING ring of willpower (300 gold, have 51).
   501 | D:1      | 501 ||| UPGRADING to +0 ring mail.
   511 | D:1      | 511 ||| DROPPING +0 leather armour.
   512 | D:1      | 512 ||| UPGRADING to +0 pair of gloves.
   517 | D:1      | 517 ||| READING scroll labelled OCUXUI ARPHUBA.
   522 | D:1      | 522 ||| READING 2 scrolls labelled OSI ZEXALISHRIA.
   523 | D:1      | 523 ||| READING scroll labelled UMEYFO WO VOI.
   524 | D:1      | 524 ||| DRINKING 2 fizzy puce potions.
   525 | D:1      | 525 ||| DROPPING scroll of butterflies.
   526 | D:1      | 526 ||| DROPPING scroll of vulnerability.
   610 | D:2      | Reached XP level 3. HP: 20/20 MP: 5/5
   631 | D:2      | Reached skill level 7 in Ranged Weapons
   723 | D:2      | Noticed Sigmund
   730 | D:2      | HP: 5/20 [something (9)]
   731 | D:2      | Killed from afar by Sigmund

Levels and vault maps discovered:
D:1:      kennysheep_arrival_forest, layout_rooms, serial_shops,
          nicolae_shop_behind_doors
D:2:      layout_loops_cross, grunt_decor_clamped, minmay_pentomino_o4,
          uniq_sigmund, uniq_natasha

Skill      XL: |  1  2  3 |
---------------+----------+-----
Ranged Weapons | 6 7 |  7.2
Fighting       | |  1.5
Dodging        | |  2.4
Stealth        | |  1.2

Action                     || total
---------------------------++-------
   Fire: Shortbow          ||   100
    Use: Scroll            ||     3
         Potion            ||     1
 Armour: Leather armour    ||     7
         Ring mail         ||     5
  Dodge: Dodged            ||    13

Table legend:
 A = Non-vault XP
 B = Vault XP
 C = Vault XP percentage of total XP
 D = Non-vault monster count
 E = Vault monster count
 F = Vault count percentage of total count
                 A         B        C        D         E       F
            +---------+---------+-------+---------+---------+-------
      Total |      57 |      27 |  32.1 |      30 |       3 |   9.1
            +---------+---------+-------+---------+---------+-------
        D:1 |      24 |       0 |   0.0 |      17 |       0 |   0.0
        D:2 |      33 |      27 |  45.0 |      13 |       3 |  18.8
            +---------+---------+-------+---------+---------+-------
